 Dungeon Crawl Stone Soup version 0.25-a0-10-g2fe12d4386 (webtiles) character file.

Game seed: 5423549600011744295, levelgen mode: deterministic

182349 Ijustatesigmund the Severer (level 18, 0/171 HPs)
             Began as a Hill Orc Monk on Oct 11, 2019.
             Was the Champion of Cheibriados.
             Killed from afar by a swamp dragon (3 damage)
             ... with a blast of poison
             ... on level 4 of the Swamp on Oct 15, 2019.
             The game lasted 01:12:36 (28607 turns).

Ijustatesigmund the Severer (Hill Orc Monk)        Turns: 28607, Time: 01:12:38

Health: 0/171      AC: 23    Str: 34    XL:     18   Next: 33%
Magic:  28/40      EV: 25    Int: 26    God:    Cheibriados [******]
Gold:   2555       SH: 14    Dex: 39    Spells: 15/17 levels left

rFire    + . .     SeeInvis .   a - +3 war axe (flame)
rCold    . . .     Gourm    .   B - +1 buckler "Puane" {rPois Str+2 Dex+2}
rNeg     . . .     Faith    .   u - +5 ring mail of Tenacity {MP+9 Slay+3}
rPois    +         Spirit   .   V - +2 hat
rElec    .         Reflect  +   k - +1 cloak
rCorr    .         Harm     .   O - +0 pair of gloves
MR       +....     Clarity  +   d - +1 pair of boots
Stlth    ++++......             Q - +4 amulet of reflection
HPRegen  0.00/turn              w - ring of protection from fire
MPRegen  0.27/turn              M - +2 ring of protection

@: agile, very slightly contaminated, very slow
A: clarity, inhibited regeneration
a: Bend Time, Temporal Distortion, Slouch, Step From Time, Renounce Religion


You were on level 4 of the Swamp.
You worshipped Cheibriados.
Cheibriados was exalted by your worship.
You were very hungry.

You visited 6 branches of the dungeon, and saw 29 of its levels.
You visited the Abyss 1 time.
You also visited: Volcano.

You collected 3212 gold pieces.
You spent 657 gold pieces at shops.

Inventory:

Hand Weapons
 a - a +3 war axe of flaming (weapon)
 J - a +5 vampiric broad axe
Missiles
 q - 51 poisoned darts (quivered)
 r - 3 throwing nets
Armour
 d - a +1 pair of boots (worn)
 k - a +1 cloak (worn)
 u - the +5 ring mail of Tenacity (worn) {MP+9 Slay+3}
   (You bought it in a shop on level 5 of the Dungeon)

   It affects your accuracy and damage with ranged weapons and melee attacks
   (+3).
   It affects your magic capacity (+9).
 B - the +1 buckler "Puane" (worn) {rPois Str+2 Dex+2}
   (You found it on level 1 of the Swamp)

   It affects your strength (+2).
   It affects your dexterity (+2).
   It protects you from poison.
 O - a +0 pair of gloves (worn)
 R - the +2 leather armour of Janism {-Tele +Fly Regen+ Int+9 Slay+5}
   (You found it on level 2 of the Swamp)

   It affects your intelligence (+9).
   It affects your accuracy and damage with ranged weapons and melee attacks
   (+5).
   It lets you fly.
   It prevents most forms of teleportation.
   It increases your rate of regeneration.
 V - a +2 hat (worn)
Jewellery
 e - an uncursed ring of protection from cold
 m - the ring of the Failed Coup {rCorr Dex+3}
   (You found it on level 7 of the Dungeon)

   [ring of resist corrosion]

   It affects your dexterity (+3).
   It provides partial protection from all sources of acid and corrosion.
 p - the amulet "Juzierir" {RegenMP rPois rC+}
   (You found it on level 7 of the Dungeon)

   [amulet of magic regeneration]

   It increases your magic regeneration.
   It protects you from cold.
   It protects you from poison.
 w - a ring of protection from fire (left hand)
 y - an uncursed amulet of regeneration
 C - an uncursed ring of protection from magic
 M - a +2 ring of protection (right hand)
 Q - a +4 amulet of reflection (around neck)
 W - the ring "Kiurruc" {+Fly rF- rN++ MR+ Str+2}
   (You found it on level 2 of the Swamp)

   [ring of flight]

   It affects your strength (+2).
   It makes you vulnerable to fire.
   It greatly protects you from negative energy.
   It affects your resistance to hostile enchantments.
   It lets you fly.
Wands
 b - a wand of acid (6)
 n - a wand of polymorph (4)
 x - a wand of disintegration (26)
 D - a wand of scattershot (6)
 H - a wand of paralysis (10)
 I - a wand of enslavement (25)
 P - a wand of digging (1)
 S - a wand of iceblast (8)
 T - a wand of flame (59)
 U - a wand of clouds (5)
Scrolls
 h - a scroll of brand weapon
 i - 4 scrolls of teleportation
 j - 5 scrolls of immolation
 l - 8 scrolls of amnesia
 v - 2 scrolls of identify
 A - 2 scrolls of fog
 F - 2 scrolls of blinking
 G - 5 scrolls of remove curse
Potions
 f - 3 potions of flight
 g - 2 potions of magic
 o - 7 potions of brilliance
 s - 13 potions of curing
 t - 2 potions of heal wounds
 z - 2 potions of cancellation
 E - 2 potions of might
 L - a potion of agility
Comestibles
 c - 60 rations


   Skills:
 - Level 17.7 Fighting
 - Level 19.0 Axes
 + Level 5.0 Throwing
 + Level 12.0 Armour
 - Level 6.7 Dodging
 - Level 1.5 Stealth
 - Level 7.5 Shields
 + Level 3.7 Summonings
 + Level 18.8 Invocations
 - Level 5.6 Evocations


You had 15 spell levels left.
You knew the following spells:

 Your Spells              Type           Power        Failure   Level  Hunger
a - Magic Dart            Conj           #...         16%         1    ##.....
b - Summon Butterflies    Summ           ###.....     3%          1    ##.....

Your spell library contained the following spells:

 Spells                   Type           Power        Failure   Level  Hunger
 Summon Small Mammal      Summ           ###.         3%          1    ##.....
 Beastly Appendage        Tmut           #.....       16%         1    ##.....
 Shock                    Conj/Air       #...         16%         1    ##.....
 Recall                   Summ/Tloc      N/A          22%         3    ####...
 Summon Guardian Golem    Hex/Summ       #.......     22%         3    ####...
 Corpse Rot               Necr           N/A          24%         2    ###....
 Searing Ray              Conj           #.....       24%         2    ###....
 Sticks to Snakes         Tmut           #.......     24%         2    ###....
 Sublimation of Blood     Necr           #.........   24%         2    ###....
 Swiftness                Chrm/Air       #.......     24%         2    ###....
 Dazzling Spray           Conj/Hex       #.....       43%         3    ####...
 Spider Form              Tmut/Pois      #.........   43%         3    ####...
 Static Discharge         Conj/Air       #.......     43%         3    ####...
 Stone Arrow              Conj/Erth      #.....       43%         3    ####...
 Airstrike                Air            #.........   85%         4    #####..
 Force Lance              Conj/Tloc      #.......     85%         4    #####..
 Fulminant Prism          Conj/Hex       #.........   85%         4    #####..
 Ice Form                 Ice/Tmut       #.......     85%         4    #####..
 Iskenderun's Mystic Bla  Conj           #.......     85%         4    #####..
 Leda's Liquefaction      Hex/Erth       #.........   85%         4    #####..
 Summon Forest            Summ/Tloc      #.........   91%         5    ######.
 Agony                    Necr           #.......     99%         5    ######.
 Blade Hands              Tmut           #.........   99%         5    ######.
 Bolt of Draining         Conj/Necr      #.........   99%         5    ######.
 Dispel Undead            Necr           #.......     99%         5    ######.
 Excruciating Wounds      Chrm/Necr      #.........   99%         5    ######.
 Lightning Bolt           Conj/Air       #.........   99%         5    ######.
 Hydra Form               Tmut           #.........   100%        6    #######
 Spellforged Servitor     Conj/Summ      #.........   100%        7    #######
 Summon Hydra             Summ           ###.......   100%        7    #######


Dungeon Overview and Level Annotations

Branches:
Dungeon (15/15)            Temple (1/1) D:6            Lair (6/6) D:11
  Swamp (4/4) Lair:4       Spider (1/4) Lair:3        Slime (0/5) Lair:5
    Orc (2/2) D:12            Elf (0/3) Orc:2        Vaults (0/5) D:13
 Depths (0/5) D:15        Volcano (visited)

Altars:
Ashenzari
Cheibriados
Dithmenos
Elyvilon
Fedhas
Gozag
Kikubaaqudgha
Makhleb
Okawaru
Qazlal
Ru
Sif Muna
Trog
Vehumet
Wu Jian
Yredelemnul
Zin
The Shining One
Beogh

Shops:
D:5 %[=   D:6 =   D:8 =!}%   D:10 (   D:12 [   D:14 *   Orc:2 [?[(


Innate Abilities, Weirdness & Mutations

You possess an exceptional clarity of mind.
You do not regenerate when monsters are visible.


Message History

The eight-headed hydra misses you.
The eight-headed hydra completely misses you.
You block the eight-headed hydra's attack.
The eight-headed hydra closely misses you.
The eight-headed hydra misses you.
You block the eight-headed hydra's attack.
Your surroundings suddenly seem different.
The seven-headed hydra roars!
The swamp dragon roars deafeningly!
The swamp drake roars!
A swamp drake comes into view.
The swamp drake roars!
A bog body comes into view.
A swamp dragon comes into view.
The bog body casts a spell at you. The bolt of cold hits you!
* * * LOW HITPOINT WARNING * * *
The swamp drake breathes noxious fumes at you.
The noxious blast engulfs you but does no damage.
The swamp dragon breathes poison at you.
The blast of poison engulfs you. You resist.
You die...

♣..≈.≈≈≈..○○○.≈≈..≈.
#####≈≈≈§.○○○≈≈≈###.#.
####n)○#○#..#....#
#≈....n.≈.#....≈.
#§(.P..○8D#.....#
#..≈..≈○.≈#.....#
.'.8...≈≈○○○k.f.#
'#..≈###.○○○..### .≈8.
#≈≈8@○..≈.#
#..D8D8.8.#
#≈○.≈k≈.P...
#⌠.....D..#.
##.#n###≈≈.. ⌠...#
.≈#. #....≈ ..≈ #≈.≈(.
#≈


You could see a shambling mangrove (wandering), an eight-headed hydra, a
seven-headed hydra, 2 swamp dragons, 3 bog bodies and 2 swamp drakes.

Vanquished Creatures
  Saint Roka (Orc:2)
  Rupert (Lair:6)
  Jorgrun (Swamp:1)
  Kirke (Swamp:1)
  A thorn hunter (Swamp:3)
  Louise (Swamp:1)
  An orc warlord (Orc:2)
  A frost giant (D:15)
  Aizul (Swamp:1)
  A stone giant (Orc:1)
  Fannar (D:10)
  25 hydras
  3 vault guards (D:13)
  A merfolk avatar (Lair:6)
  4 centaur warriors
  2 ghost crabs
  An ogre mage (D:15)
  A catoblepas (Lair:2)
  Erica (D:9)
  10 alligators
  7 two-headed ogres
  A tengu warrior (D:13)
  An orc high priest (Orc:2)
  7 spriggans
  3 swamp dragons
  4 wizards (D:13)
  A sea snake (Lair:6)
  2 spriggan druids (Swamp:4)
  2 unseen horrors
  2 harpies (Lair:6)
  A deep elf mage (D:15)
  3 wolf spiders (Spider:1)
  A necromancer (D:13)
  3 orc knights
  3 cyclopes
  2 lindwurms (Volcano)
  3 orb spiders
  3 oklob plants (Lair:2)
  7 orc sorcerers
  11 ugly things
  A manticore (D:15)
  Maurice (Orc:2)
  2 black mambas
  18 elephants
  4 molten gargoyles (Volcano)
  13 spiny frogs
  3 gargoyles
  2 kobold demonologists
  A torpor snail (Lair:6)
  A yaktaur (D:15)
  2 efreet (Volcano)
  8 komodo dragons
  6 rime drakes
  2 tengu conjurers (D:13)
  8 trolls
  3 jumping spiders (Spider:1)
  3 meliai (D:12)
  4 polar bears
  A queen bee (D:12)
  10 bog bodies
  11 hornets
  Grinder (D:3)
  A wind drake (Lair:6)
  7 blink frogs
  8 tyrant leeches
  6 slime creatures
  13 hippogriffs
  Sigmund (D:4)
  A tarantella (Spider:1)
  4 wraiths
  4 wyverns
  41 yaks
  6 redbacks (Spider:1)
  4 shadows
  3 fire elementals (Volcano)
  A hog (Swamp:1)
  18 humans (D:13)
  5 hungry ghosts
  9 vampire mosquitoes
  2 steam dragons (D:8)
  4 basilisks
  Menkaure (D:7)
  14 insubstantial wisps
  12 swamp worms
  An acid dragon (D:11)
  5 wargs
  A soldier ant (D:14)
  6 porcupines
  13 water moccasins
  6 ice beasts
  31 orc warriors
  5 sky beasts
  An eye of draining (D:13)
  An ogre (shapeshifter) (D:15)
  A black bear (Lair:1)
  2 necrophages (D:9)
  6 swamp drakes
  An eye of draining (shapeshifter) (D:13)
  35 wolves
  25 ogres
  3 phantoms
  10 centaurs
  15 crocodiles
  5 big kobolds
  A big kobold (shapeshifter) (D:13)
  8 bullfrogs
  2 earth elementals (Volcano)
  A wyvern skeleton (D:4)
  A scorpion (D:9)
  A water moccasin skeleton (D:11)
  26 killer bees
  5 wights (D:8)
  11 electric eels
  6 centaur zombies
  4 crimson imps
  2 bullfrog zombies
  7 hounds
  2 jellies
  2 bullfrog skeletons
  3 centaur skeletons
  22 orc priests
  Ijyb (D:5)
  3 iguanas
  25 orc wizards
  6 worker ants
  3 worker ant zombies (D:9)
  15 gnolls
  8 adders
  8 shadow imps
  A worm (D:2)
  2 dart slugs
  3 leopard geckos
  95 orcs
  5 bats
  4 giant cockroaches
  5 goblins
  2 hobgoblins (D:1)
  6 jackals
  19 kobolds
  5 quokkas
  6 frilled lizards
  4 rats
  3 fire vortices (Volcano)
  8 fungi
  5 plants
915 creatures vanquished.

Vanquished Creatures (collateral kills)
  3 orc wizards (Orc:2)
3 creatures vanquished.

Vanquished Creatures (others)
  A spiny frog (Swamp:2)
  A tyrant leech (Swamp:2)
  2 orc warriors (Orc:2)
  A hornet zombie (D:15)
  An orc wizard (Orc:2)
  22 fungi
  24 plants
52 creatures vanquished.

Grand Total: 970 creatures vanquished

Notes
Turn   | Place    | Note
-------+----------+-------------------------------------------
     0 | D:1      | Ijustatesigmund the Hill Orc Monk began the quest for the
                  | Orb.
     0 | D:1      | Reached XP level 1. HP: 19/19 MP: 1/1
    34 | D:1      | Reached XP level 2. HP: 6/27 MP: 2/2
   955 | D:1      | Reached XP level 3. HP: 33/34 MP: 3/3
  1552 | D:2      | Reached skill level 5 in Axes
  2086 | D:2      | Found a sacrificial altar of Ru.
  2766 | D:3      | Noticed Grinder
  2823 | D:4      | Noticed an ogre
  2841 | D:4      | Killed an ogre
  2841 | D:4      | Reached skill level 5 in Fighting
  2841 | D:4      | Reached skill level 6 in Axes
  2841 | D:4      | Reached XP level 4. HP: 28/42 MP: 4/4
  2841 | D:4      | Reached XP level 5. HP: 32/48 MP: 5/5
  3353 | D:4      | Found a glowing silver altar of Zin.
  3353 | D:4      | Found an opulent altar of Gozag.
  3381 | D:4      | You fall into a shaft and drop 3 floors!
  3381 | D:7      | Noticed an ogre
  3395 | D:7      | Killed an ogre
  3395 | D:7      | Reached XP level 6. HP: 9/57 MP: 6/6
  3657 | D:7      | Noticed Menkaure
  3667 | D:7      | Killed Menkaure
  3667 | D:7      | Reached skill level 7 in Axes
  3709 | D:7      | Noticed an ice beast
  3721 | D:7      | Killed an ice beast
  3721 | D:7      | Reached XP level 7. HP: 63/66 MP: 7/7
  3786 | D:6      | Reached skill level 8 in Axes
  4033 | D:6      | Reached skill level 1 in Armour
  4161 | D:6      | Found Raitayph's Jewellery Boutique.
  4187 | D:6      | Found a staircase to the Ecumenical Temple.
  4227 | D:6      | Reached XP level 8. HP: 48/74 MP: 8/8
  4298 | D:6      | Reached skill level 9 in Axes
  5004 | D:5      | Entered Level 5 of the Dungeon
  5148 | D:4      | Noticed Sigmund
  5164 | D:4      | Killed Sigmund
  5418 | D:3      | Killed Grinder
  5719 | Temple   | Entered the Ecumenical Temple
  5753 | Temple   | Became a worshipper of Cheibriados the Contemplative
  5753 | Temple   | Reached * piety under Cheibriados
  5753 | Temple   | Reached ** piety under Cheibriados
  6023 | D:5      | Reached skill level 10 in Axes
  6047 | D:5      | Found Kalar's Antique Armour Boutique.
  6047 | D:5      | Noticed Ijyb
  6058 | D:5      | Killed Ijyb
  6080 | D:5      | Reached skill level 1 in Invocations
  6096 | D:5      | Found Gecel's Jewellery Shop.
  6103 | D:5      | Reached XP level 9. HP: 81/83 MP: 8/10
  6209 | D:5      | Reached skill level 5 in Armour
  6361 | D:5      | Found a shimmering blue altar of Sif Muna.
  6361 | D:5      | Found a burning altar of Makhleb.
  6362 | D:5      | Found an ancient bone altar of Kikubaaqudgha.
  6480 | D:5      | Found Buonuh's Food Shop.
  6935 | D:7      | Got a crude amber ring
  6944 | D:7      | Got a transparent copper amulet
  6945 | D:7      | Identified the ring of the Failed Coup {rCorr Dex+3} (You
                  | found it on level 7 of the Dungeon)
  7140 | D:7      | Found a glowing golden altar of the Shining One.
  7391 | D:8      | Reached *** piety under Cheibriados
  7397 | D:8      | Found Baggel's Food Shop.
  7508 | D:5      | Bought a bronze ring mail for 270 gold pieces
  7522 | D:5      | Identified the +5 ring mail of Tenacity {MP+9 Slay+3} (You
                  | bought it in a shop on level 5 of the Dungeon)
  7619 | D:8      | Found Jischepe's Distillery.
  7640 | D:8      | Reached skill level 10 in Fighting
  7656 | D:8      | Bought a potion of heal wounds for 55 gold pieces
  7659 | D:8      | Found a bloodstained altar of Trog.
  7669 | D:8      | Found Qub Rudi's Jewellery Emporium.
  7739 | D:8      | Reached skill level 11 in Axes
  7760 | D:8      | Found Reahelei's Gadget Emporium.
  7862 | D:8      | Reached skill level 5 in Invocations
  8084 | D:8      | Found a blossoming altar of Fedhas.
  8107 | D:8      | Reached XP level 10. HP: 58/94 MP: 14/14
  8532 | D:9      | Reached **** piety under Cheibriados
  8558 | D:9      | Found a stormy altar of Qazlal.
  8973 | D:9      | Reached ***** piety under Cheibriados
  8974 | D:9      | Found a radiant altar of Vehumet.
  8977 | D:9      | Found an iron altar of Okawaru.
  8979 | D:9      | Found a shattered altar of Ashenzari.
  8980 | D:9      | Found a shadowy altar of Dithmenos.
  9145 | D:10     | Entered Level 10 of the Dungeon
  9145 | D:10     | Found Qafrei Zaim's Weapon Emporium.
  9145 | D:10     | Noticed Fannar
  9173 | D:10     | Noticed Erica
  9191 | D:9      | Killed Erica
  9191 | D:9      | Reached skill level 12 in Axes
  9525 | D:10     | Reached skill level 1 in Evocations
  9689 | D:10     | Killed Fannar
  9689 | D:10     | Reached skill level 5 in Dodging
  9689 | D:10     | Reached XP level 11. HP: 81/102 MP: 17/17
  9816 | D:10     | You fall into a shaft and drop 3 floors!
  9828 | D:13     | Noticed a harpy
  9828 | D:13     | a spiny frog changed into a harpy
  9837 | D:13     | a harpy changed into an eye of draining
  9851 | D:13     | Noticed a tengu warrior
  9861 | D:13     | Killed a tengu warrior
 10058 | D:12     | Found a staircase to the Orcish Mines.
 10212 | D:11     | You fall into a shaft and drop 2 floors!
 10369 | D:13     | Noticed a wizard
 10375 | D:13     | Noticed a two-headed ogre
 10376 | D:13     | Killed a wizard
 10376 | D:13     | Reached skill level 13 in Axes
 10385 | D:13     | Killed a two-headed ogre
 10857 | D:12     | Found a shadowy altar of Dithmenos.
 11028 | D:12     | Reached XP level 12. HP: 113/113 MP: 19/19
 11093 | D:12     | Reached skill level 5 in Evocations
 11110 | D:12     | Found Bimin's Armour Emporium.
 11135 | D:11     | Reached skill level 10 in Invocations
 11397 | D:10     | Bought a +2 vampiric broad axe for 288 gold pieces
 11744 | D:10     | Reached ****** piety under Cheibriados
 12478 | D:11     | Found a staircase to the Lair.
 12753 | D:12     | Reached skill level 14 in Axes
 13099 | D:13     | Found a gate to the Vaults.
 13099 | D:13     | Noticed a vault guard
 13099 | D:13     | Noticed a vault guard
 13099 | D:13     | Noticed a vault guard
 13107 | D:13     | Killed a vault guard
 13107 | D:13     | Reached XP level 13. HP: 71/122 MP: 21/21
 13111 | D:13     | Killed a vault guard
 13116 | D:13     | Killed a vault guard
 13128 | D:13     | Identified the amulet "Juzierir" {RegenMP rPois rC+} (You
                  | found it on level 7 of the Dungeon)
 13502 | D:14     | Found Diluuwaa's Assorted Antiques.
 13549 | D:14     | Found an opulent altar of Gozag.
 13835 | D:14     | Reached skill level 15 in Axes
 14364 | Lair:1   | Entered Level 1 of the Lair of Beasts
 15405 | Lair:2   | Reached XP level 14. HP: 51/133 MP: 23/23
 16214 | Lair:2   | Reached skill level 16 in Axes
 16417 | Lair:3   | Found a hole to the Spider Nest.
 16832 | Lair:3   | Learned a level 1 spell: Magic Dart
 17121 | Lair:4   | Reached skill level 15 in Fighting
 17836 | Lair:4   | Found a staircase to the Swamp.
 18525 | Lair:5   | Found a staircase to the Slime Pits.
 18880 | Lair:6   | Entered Level 6 of the Lair of Beasts
 18982 | Lair:6   | Reached skill level 17 in Axes
 19177 | Lair:6   | Reached XP level 15. HP: 143/143 MP: 26/26
 19200 | Lair:6   | Reached skill level 15 in Invocations
 20042 | Lair:6   | Noticed Rupert
 20043 | Lair:6   | Paralysed by Rupert for 2 turns
 20053 | Lair:6   | Killed Rupert
 20379 | Orc:1    | Entered Level 1 of the Orcish Mines
 20379 | Orc:1    | Found a roughly hewn altar of Beogh.
 20892 | Orc:2    | Entered Level 2 of the Orcish Mines
 20892 | Orc:2    | Found a staircase to the Elven Halls.
 20937 | Orc:2    | Found a dark tunnel.
 20944 | Volcano  | Entered a volcano
 21041 | Volcano  | Reached skill level 18 in Axes
 21467 | Orc:2    | Noticed Maurice
 21481 | Orc:2    | Killed Maurice
 21516 | Orc:2    | Found a roughly hewn altar of Beogh.
 21549 | Orc:2    | Found a roughly hewn altar of Beogh.
 21652 | Orc:2    | Paralysed by an orc sorcerer for 2 turns
 21693 | Orc:2    | Found a roughly hewn altar of Beogh.
 21760 | Orc:2    | Noticed Saint Roka
 21847 | Orc:2    | Killed Saint Roka
 21961 | Orc:2    | Found a roughly hewn altar of Beogh.
 21973 | Orc:2    | Found Pokack's Armour Emporium.
 22042 | Orc:2    | Found a roughly hewn altar of Beogh.
 22057 | Orc:2    | Found Neome's Magic Scroll Shoppe.
 22076 | Orc:2    | Bought a scroll of identify for 22 gold pieces
 22076 | Orc:2    | Bought a scroll of identify for 22 gold pieces
 22078 | Orc:2    | Gained mutation: You do not regenerate when monsters are
                  | visible. [potion of mutation]
 22078 | Orc:2    | Gained mutation: You possess an exceptional clarity of
                  | mind. [potion of mutation]
 22079 | Orc:2    | Reached XP level 16. HP: 155/155 MP: 28/28
 22091 | Orc:2    | Found a roughly hewn altar of Beogh.
 22442 | Orc:2    | Found Uteze's Antique Weapon Shoppe.
 22444 | Orc:2    | Found Riuhaekuv's Antique Armour Emporium.
 22445 | Orc:2    | Found a roughly hewn altar of Beogh.
 22576 | Orc:2    | Upgraded the game from 0.24-a0-809-g71cb82dfb8 to
                  | 0.25-a0-2-g6559c6c67a
 22638 | D:15     | Entered Level 15 of the Dungeon
 22804 | D:15     | Reached skill level 19 in Axes
 22804 | D:15     | Reached XP level 17. HP: 96/163 MP: 29/29
 23162 | D:15     | Reached skill level 1 in Shields
 23386 | D:15     | Reached skill level 10 in Armour
 23629 | D:15     | Found a staircase to the Depths.
 24032 | Spider:1 | Entered Level 1 of the Spider Nest
 24036 | Spider:1 | Reached skill level 5 in Shields
 24396 | Swamp:1  | Entered Level 1 of the Swamp
 24434 | Swamp:1  | Noticed Aizul
 24464 | Swamp:1  | Killed Aizul
 24478 | Swamp:1  | Got a brightly glowing buckler
 24484 | Swamp:1  | Identified the +1 buckler "Puane" {rPois Str+2 Dex+2} (You
                  | found it on level 1 of the Swamp)
 24549 | Swamp:1  | Noticed Louise
 24575 | Swamp:1  | Killed Louise
 24698 | Swamp:1  | Noticed Jorgrun
 24746 | Swamp:1  | Killed Jorgrun
 24746 | Swamp:1  | Reached skill level 1 in Throwing
 24762 | Swamp:1  | Noticed Kirke
 24776 | Swamp:1  | Killed Kirke
 25977 | Swamp:2  | Got a heavily runed leather armour
 26011 | Swamp:2  | Found a transporter.
 26125 | Swamp:2  | Found a transporter.
 26239 | Swamp:2  | Cast into level 3 of the Abyss (the power of Zot)
 26248 | Abyss:3  | Got a flickering platinum amulet
 26268 | Swamp:2  | Escaped the Abyss
 26593 | Swamp:2  | Upgraded the game from 0.25-a0-2-g6559c6c67a to
                  | 0.25-a0-10-g2fe12d4386
 26597 | Swamp:2  | Got a scintillating ruby amulet
 26598 | Swamp:2  | Identified the amulet "Yteot" {Inacc *Drain rElec Int+2
                  | Dex+6} (You found it on level 3 of the Abyss)
 26602 | Swamp:2  | Identified the amulet "Tior Nyiderr" {+Rage Int+4} (You
                  | found it on level 2 of the Swamp)
 26616 | Swamp:2  | Got a flickering tin ring
 26617 | Swamp:2  | Identified the ring "Kiurruc" {+Fly rF- rN++ MR+ Str+2}
                  | (You found it on level 2 of the Swamp)
 26619 | Swamp:2  | Identified the Tome of Summoning
 26623 | Swamp:2  | Learned a level 1 spell: Summon Butterflies
 26636 | Swamp:2  | Identified the +2 leather armour of Janism {-Tele +Fly
                  | Regen+ Int+9 Slay+5} (You found it on level 2 of the Swamp)
 26928 | Swamp:3  | Reached skill level 1 in Summonings
 26999 | Swamp:3  | Reached XP level 18. HP: 165/171 MP: 31/31
 28294 | Swamp:4  | Entered Level 4 of the Swamp
 28602 | Swamp:4  | Reached skill level 5 in Throwing
 28607 | Swamp:4  | HP: 3/171 [bog body/bolt of cold (12)]
 28607 | Swamp:4  | Killed from afar by a swamp dragon

Levels and vault maps discovered:
D:1:      dpeg_arrival_fog, layout_loops_ring
D:2:      layout_basic, nicolae_ru_path_of_blood
D:3:      layout_loops_corners, first_ration, hangedman_decor_clover_reticule,
          uniq_grinder
D:4:      layout_rooms, grunt_temple_overflow_gold_and_silver, uniq_sigmund
D:5:      layout_rooms, gammafunk_temple_overflow_claw, serial_shops,
          nicolae_shop_trees, nicolae_shop_waterfront, kennysheep_mini_moat,
          uniq_ijyb
D:6:      layout_loops_ring, minmay_temple_entry_mini_moons, serial_shops, shop
D:7:      layout_loops_ring, lemuel_coloured_pillars_altar, grunt_ogre_cave,
          uniq_menkaure
D:8:      cheibrodos_steamvent, layout_basic, old_standard_altar, basic_altar,
          serial_shops, shop, shop, nicolae_shop_crystal, shop
D:9:      layout_small_grid, nicolae_qazlal_style_of_elements, minitemple
D:10:     layout_basic, serial_shops, shop, minmay_misc_feat_four_crosses,
          uniq_erica, uniq_fannar
D:11:     layout_roguey, erik_lair_dragon, hangedman_decor_points
D:12:     layout_roguey [special_room_bee], orc_0_dummy, serial_shops, shop,
          nicolae_dithmenos_shadow_blocks
D:13:     layout_cave_pools, grunt_vaults_entry_tiered
D:14:     layout_roguey, old_standard_altar, serial_shops,
          nicolae_shop_overgrown_old_shop
D:15:     grunt_enter_depths_snipers, layout_cave_pools, serial_bayou_shore_a
Temple:   jpeg_temple_alley_garden
Lair:1:   layout_roguey, serial_bayou, serial_bayou_ford_a, serial_bayou_pond_c,
          serial_bayou_pond_a, serial_bayou_lagoon_a, serial_bayou_pond_a,
          serial_bayou_pond_b, grunt_forest_large_clearings
Lair:2:   layout_long_grid, wad_woods_river_01, minmay_lair_oklob_chamber
Lair:3:   layout_gridlike, nicolae_spider_entry_orb_guardian,
          chequers_serial_rivers_small_b
Lair:4:   layout_regular_city, nicolae_swamp_entry_splash_gauntlet,
          lemuel_fruit_tree, serial_bayou_shore_b, grunt_megastairs_1
Lair:5:   layout_regular_city, slime_dummy, grunt_megastairs_3
Lair:6:   gammafunk_lair_ancient_temple, layout_cave_pods, uniq_rupert
Swamp:1:  layout_basic_swamp, evilmike_swamp_ruin_house_4, uniq_jorgrun,
          uniq_louise, uniq_kirke, uniq_aizul
Swamp:2:  gammafunk_its_a_trap, layout_falls_marsh, evilmike_swamp_ruin_house_6
Swamp:3:  layout_basic_swamp, evilmike_swamp_ruin_rubble_1, st_swamp_ruins_3,
          infiniplex_staircase_pool
Swamp:4:  grunt_swamp_rune_castle, layout_basic_swamp, swamp_pool2
Spider:1: nicolae_spider_hall_of_the_moth_king, zaba_anthell
Orc:1:    layout_diamond_mine, basic_altar
Orc:2:    grunt_orc_community_town_hall, layout_diamond_mine,
          grunt_orc_community_big_house_2, grunt_orc_community_big_house_1,
          grunt_orc_community_house_1, grunt_orc_community_house_1,
          grunt_orc_community_house_2, grunt_orc_community_house_2,
          grunt_orc_community_house_2, grunt_orc_community_house_2,
          enter_volcano_4, uniq_maurice, uniq_saint_roka

Skill      XL: |  1  2  3  4  5  6  7  8  9 10 11 12 13 14 15 16 17 18 |
---------------+-------------------------------------------------------+-----
Fighting       | 4 5 6 7 8 9 10 11 12 13 14 15 17 | 17.7
Axes           | 6 7 8 10 11 12 13 14 15 17 18 19 | 19.0
Armour         | 2 4 5 7 9 11 12 | 12.0
Invocations    | 1 5 8 9 11 13 14 16 17 18 | 18.8
Dodging        | 3 5 6 |  6.7
Evocations     | 2 4 5 |  5.6
Shields        | 7 |  7.5
Throwing       | 3 5 |  5.0
Summonings     | 1 3 |  3.7
Stealth        | |  1.5

Action                   |  1- 3 |  4- 6 |  7- 9 | 10-12 | 13-15 | 16-18 || total
-------------------------+-------+-------+-------+-------+-------+-------++-------
Melee: Hand axe          |   137 |    48 |   137 |       |       |       ||   322
       War axe           |       |       |   220 |   282 |    29 |   147 ||   678
       Broad axe         |       |       |       |   114 |  1022 |   512 ||  1648
Throw: Dart              |       |     3 |     9 |    11 |     7 |    50 ||    80
Invok: Bend Time         |       |       |       |     1 |       |       ||     1
       Slouch            |       |       |       |     3 |     2 |     7 ||    12
       Step From Time    |       |       |       |       |       |     1 ||     1
Evoke: Wand              |       |       |     3 |    15 |    17 |     4 ||    39
  Use: Scroll            |     7 |     1 |    11 |     3 |    15 |    13 ||    50
       Potion            |       |     1 |     5 |     2 |     5 |     4 ||    17
 Stab: Sleeping          |     5 |       |       |     3 |    13 |     2 ||    23
       Distracted        |       |       |       |     1 |       |     1 ||     2
       Invisible         |       |       |       |       |       |     2 ||     2
  Eat: Chunk             |     5 |     4 |     4 |     6 |     8 |     2 ||    29
       Ration            |       |       |     2 |     2 |     3 |     3 ||    10
Armor: Robe              |    24 |    11 |     6 |       |       |       ||    41
       Ring mail         |       |       |    99 |   192 |   369 |   277 ||   937
       Chain mail        |       |       |    55 |       |       |       ||    55
       Skin              |       |       |     5 |       |       |       ||     5
Dodge: Dodged            |    99 |    29 |   188 |   373 |   889 |   458 ||  2036
Block: Shield            |       |       |       |       |       |   152 ||   152
       Buckler           |       |       |       |       |       |   269 ||   269
       Reflection        |       |       |       |       |       |     6 ||     6

Table legend:
 A = Non-vault XP
 B = Vault XP
 C = Vault XP percentage of total XP
 D = Non-vault monster count
 E = Vault monster count
 F = Vault count percentage of total count
                 A         B        C        D         E       F
            +---------+---------+-------+---------+---------+-------
      Total |  128029 |   89352 |  41.1 |     607 |     298 |  32.9
            +---------+---------+-------+---------+---------+-------
        D:1 |      35 |       0 |   0.0 |      21 |       0 |   0.0
        D:2 |      24 |       0 |   0.0 |      11 |       0 |   0.0
        D:3 |      12 |     281 |  95.9 |       6 |       1 |  14.3
        D:4 |     273 |     242 |  47.0 |       8 |       1 |  11.1
        D:5 |     702 |      38 |   5.1 |      22 |       1 |   4.3
        D:6 |     829 |       0 |   0.0 |      18 |       0 |   0.0
        D:7 |     868 |     290 |  25.0 |      17 |       2 |  10.5
        D:8 |    1110 |     360 |  24.5 |      26 |       2 |   7.1
        D:9 |    1910 |     892 |  31.8 |      31 |       1 |   3.1
       D:10 |    3827 |    1033 |  21.3 |      36 |       1 |   2.7
       D:11 |    1033 |    2501 |  70.8 |       7 |      20 |  74.1
       D:12 |    3243 |    2535 |  43.9 |      24 |      25 |  51.0
       D:13 |    6234 |    9101 |  59.3 |      24 |      25 |  51.0
       D:14 |    7709 |       0 |   0.0 |      28 |       0 |   0.0
       D:15 |   18525 |    3124 |  14.4 |      50 |       3 |   5.7
     Lair:1 |    2296 |    4884 |  68.0 |      15 |      18 |  54.5
     Lair:2 |    4731 |    2871 |  37.8 |      17 |       8 |  32.0
     Lair:3 |    2709 |     566 |  17.3 |       7 |       1 |  12.5
     Lair:4 |    5261 |    3267 |  38.3 |      20 |      15 |  42.9
     Lair:5 |    5246 |    1384 |  20.9 |      18 |       6 |  25.0
     Lair:6 |    8882 |   12958 |  59.3 |      28 |      29 |  50.9
    Swamp:1 |    8120 |    8556 |  51.3 |      22 |       5 |  18.5
    Swamp:2 |   12261 |    2510 |  17.0 |      28 |       7 |  20.0
    Swamp:3 |   15593 |    7404 |  32.2 |      38 |       8 |  17.4
    Swamp:4 |    3542 |    4477 |  55.8 |       7 |       7 |  50.0
   Spider:1 |    2535 |    3022 |  54.4 |       6 |      10 |  62.5
      Orc:1 |    4406 |       0 |   0.0 |      31 |       0 |   0.0
      Orc:2 |    6113 |   12767 |  67.6 |      41 |      89 |  68.5
    Volcano |       0 |    4289 | 100.0 |       0 |      13 | 100.0
            +---------+---------+-------+---------+---------+-------
